Atlantic City Gamblers vs Rhode Island Whales

Created - Friday, November 7, 2025 at 07:47

Goals
1 2 3 T
Atlantic City Gamblers 1 2 2 5
Rhode Island Whales 3 3 2 8
Shots
1 2 3 T
Atlantic City Gamblers 11 18 16 45
Rhode Island Whales 8 18 10 36

1st period

1. Rhode Island Whales , Frank Nazar 50 (Alex Newhook 47, Kevin Korchinski 8) at 11:22
2. Atlantic City Gamblers , Yegor Sokolov 49 (Tristan Broz 32, Boris Katchouk 42) at 17:33
3. Rhode Island Whales , Alex Newhook 44 (Frank Nazar 82, Jiri Kulich 57) at 19:28 (PP)
4. Rhode Island Whales , Alex Newhook 45 (Frank Nazar 83) at 19:32

Penalties :
Ben King (ACG) for Tripping (Minor) at 1:31, Jean-Luc Foudy (ACG) for Tripping (Minor) at 4:37, Tristan Broz (ACG) for Delaying the game (Minor) at 19:20

2nd period

5. Atlantic City Gamblers , Boris Katchouk 37 (Tristan Broz 33) at 0:34
6. Rhode Island Whales , Artyom Levshunov 3 (Frank Nazar 84, Jiri Kulich 58) at 0:48
7. Rhode Island Whales , Lukas Reichel 47 (Isak Rosen 35, Emil Andrae 32) at 1:50 (PP)
8. Rhode Island Whales , Artyom Levshunov 4 (Lukas Reichel 62, Cameron Whitehead) at 9:38 (PP)
9. Atlantic City Gamblers , Yegor Sokolov 50 (Boris Katchouk 43, Shakir Mukhamadullin 33) at 11:06

Penalties :
Noah Juulsen (ACG) for Hooking (Minor) at 1:06, Thomas Bordeleau (ACG) for Interference (Minor) at 9:25, Ronnie Attard (ACG) for Slashing (Minor) at 16:57

3rd period

10. Atlantic City Gamblers , Hendrix Lapierre 42 (Nathan Bastian 57, Nils Hoglander 57) at 6:57 (PP)
11. Atlantic City Gamblers , Shakir Mukhamadullin 6 (Tristan Broz 34, Ivan Miroshnichenko 46) at 13:53 (PP)
12. Rhode Island Whales , Cam Lund 44 (Lukas Reichel 63, Isak Rosen 36) at 17:16
13. Rhode Island Whales , Isak Rosen 47 (Cam Lund 51, Emil Andrae 33) at 17:51

Penalties :
Ryan O'Rourke (RIW) for Tripping (Minor) at 5:28, Pavel Mintyukov (RIW) for Hooking (Minor) at 9:21, Ryan O'Rourke (RIW) for Holding (Minor) at 12:53

Goalie Stats

Jan Bednar (ACG), 28 saves from 36 shots - (0.778), L, 15-6-1, 60:00 minutes
Cameron Whitehead (RIW), 40 saves from 45 shots - (0.889), W, 51-12-5, 60:00 minutes

Players Stats for Atlantic City Gamblers

Player Name              G  A  P  +/- PIM S  H  SB GA TA FO     MP     PP MP  PK MP  
------------------------------------------------------------------------------------
                         0  0  0   0  0   0  0  0  0  0  0/0     0:00   0:00   0:00 
Alexander Holtz          0  0  0   0  0   4  1  0  0  0  0/1    11:50   0:00   0:00 
Ben King                 0  0  0  -1  2   2  1  0  0  1  2/3     9:40   0:00   0:00 
Boris Katchouk           1  2  3   1  0   9  1  0  1  0  1/3    15:42   1:56   0:00 
Caedan Bankier           0  0  0   0  0   1  1  0  1  0  7/13   12:35   0:00   0:55 
Filip Roos               0  0  0  -2  0   2  1  4  0  0  0/0    18:59   0:00   0:20 
Hendrix Lapierre         1  0  1  -2  0   3  1  0  0  1  0/1    15:43   2:32   0:00 
Ivan Miroshnichenko      0  1  1   0  0   2  4  0  0  0  0/1    14:16   2:25   0:00 
Jean-Luc Foudy           0  0  0  -1  2   0  0  0  0  0  0/0     9:47   0:00   0:00 
Mason Lohrei             0  0  0  -2  0   4  1  3  1  2  0/0    24:55   2:03   4:12 
Nathan Bastian           0  1  1  -1  0   1  1  0  1  0  0/0    15:10   2:32   3:50 
Nils Hoglander           0  1  1  -2  0   3  1  0  0  0  0/3    16:31   2:03   0:00 
Noah Juulsen             0  0  0   0  2   1  0  1  0  0  0/0    14:29   0:00   2:30 
Noah Warren              0  0  0   1  0   2  2  0  0  1  0/0    16:31   0:00   4:12 
Ronnie Attard            0  0  0   0  2   0  1  2  0  2  0/0    16:15   0:00   0:00 
Shakir Mukhamadullin     1  1  2  -1  0   2  2  3  1  2  0/0    23:38   2:25   2:50 
Thomas Bordeleau         0  0  0  -2  2   1  3  2  0  1  18/29  19:46   2:32   3:39 
Tristan Broz             0  3  3   1  2   5  0  1  0  0  14/26  18:32   1:56   2:50 
Yegor Sokolov            2  0  2   1  0   3  3  1  2  0  0/1    18:33   1:56   2:50 

Players Stats for Rhode Island Whales

Player Name              G  A  P  +/- PIM S  H  SB GA TA FO     MP     PP MP  PK MP  
------------------------------------------------------------------------------------
                         0  0  0   0  0   0  0  0  0  0  0/0     0:00   0:00   0:00 
Alex Newhook             2  1  3   0  0   6  1  0  2  0  3/3    20:37   3:19   1:54 
Artyom Levshunov         2  0  2   1  0   4  2  0  2  1  0/0    28:30   3:47   2:37 
Cam Lund                 1  1  2   2  0   4  2  0  0  0  8/23   18:30   3:43   0:00 
Cross Hanas              0  0  0   0  0   0  0  0  0  0  0/1     0:17   0:00   0:00 
Eduard Sale              0  0  0   0  0   0  0  0  0  0  0/0     5:49   0:00   0:00 
Emil Andrae              0  2  2   1  0   0  1  1  0  0  0/0    19:50   3:15   1:51 
Frank Nazar              1  3  4   0  0   5  4  0  1  1  19/33  25:27   3:19   1:54 
Isak Rosen               1  2  3   2  0   2  2  1  0  0  0/0    21:28   3:43   2:34 
Jiri Kulich              0  2  2   0  0   2  0  0  0  1  3/4    21:01   3:19   2:18 
Kevin Korchinski         0  1  1   0  0   0  0  0  0  1  0/0    11:40   0:00   0:00 
Lukas Reichel            1  2  3   2  0   5  3  1  1  0  0/0    18:30   3:43   0:00 
Luke Tuch                0  0  0   0  0   0  0  0  0  0  0/0     1:33   0:00   0:00 
Oskar Olausson           0  0  0   0  0   0  0  0  2  0  0/2    12:22   0:00   0:16 
Owen Pickering           0  0  0   1  0   2  1  0  0  2  0/0    21:25   3:15   2:24 
Pavel Mintyukov          0  0  0   1  2   3  0  0  0  0  0/0    26:41   3:47   1:27 
Ryan O'Rourke            0  0  0   0  4   0  1  2  0  0  0/0    12:15   0:00   0:37 
Ryder Rolston            0  0  0   0  0   1  0  2  0  1  5/14   17:28   0:00   0:00 
Samuel Honzek            0  0  0   0  0   2  3  0  2  0  1/1    12:06   0:00   0:00 

3 Stars

1 - Frank Nazar (RIW)
2 - Lukas Reichel (RIW)
3 - Isak Rosen (RIW)

Power Play

Atlantic City Gamblers - 2 on 3 Attempt(s) - 66.67%
Rhode Island Whales - 3 on 6 Attempt(s) - 50.00%

Penalty Kill

Atlantic City Gamblers - 3 on 6 Attempt(s) - 50.00% - Score 0 goal in Penalty Kill
Rhode Island Whales - 1 on 3 Attempt(s) - 33.33% - Score 0 goal in Penalty Kill

Team Stat

Atlantic City Gamblers - Hits : 24 - Faceoff Wins : 42 - Blocked Shots : 17 - Penalty Minutes : 12
Rhode Island Whales - Hits : 20 - Faceoff Wins : 39 - Blocked Shots : 7 - Penalty Minutes : 6

Official

Referees : Jordan Samuels and Conor O'Donnell
Linesman : Dan Kelly and Bevan Mills

Game Notes

Noah Juulsen is injured at 18:04 of 2nd period (Sprained Right Ankle)

Atlantic City Gamblers

5 vs 5 Forward 
   Center                   Left Wing                Right Wing               Time % Phy DF OF 
 1 Thomas Bordeleau         Nils Hoglander           Hendrix Lapierre         30     1   1  3  
 2 Tristan Broz             Yegor Sokolov            Boris Katchouk           30     1   1  3  
 3 Caedan Bankier           Alexander Holtz          Ivan Miroshnichenko      25     0   2  3  
 4 Ben King                 Nathan Bastian           Jean-Luc Foudy           15     1   2  2  

5 vs 5 Defense 
   Defense                  Defense                                           Time % Phy DF OF 
 1 Mason Lohrei             Filip Roos                                        38     1   3  1  
 2 Noah Juulsen             Shakir Mukhamadullin                              37     1   3  1  
 3 Ronnie Attard            Noah Warren                                       25     1   3  1  
 4 Ronnie Attard            Noah Warren                                       0      1   3  1  

PowerPlay Forward 
   Center                   Left Wing                Right Wing               Time % Phy DF OF 
 1 Thomas Bordeleau         Nathan Bastian           Hendrix Lapierre         50     0   1  4  
 2 Tristan Broz             Yegor Sokolov            Boris Katchouk           50     0   1  4  

PowerPlay Defense
   Defense                  Defense                                           Time % Phy DF OF 
 1 Mason Lohrei             Nils Hoglander                                    50     0   2  3  
 2 Ivan Miroshnichenko      Shakir Mukhamadullin                              50     0   2  3  

Penalty Kill 4 Players Forward 
   Center                   Wing                     Time % Phy DF OF 
 1 Thomas Bordeleau         Nathan Bastian           55     0   4  1  
 2 Tristan Broz             Yegor Sokolov            45     0   4  1  

Penalty Kill 4 Players Defense
   Defense                  Defense                  Time % Phy DF OF 
 1 Mason Lohrei             Noah Warren              55     1   3  1  
 2 Noah Juulsen             Shakir Mukhamadullin     45     1   3  1  

Penalty Kill - 3 Players Forward 
   Forward                                           Time % Phy DF OF 
 1 Thomas Bordeleau                                  50     0   5  0  
 2 Tristan Broz                                      50     0   5  0  

Penalty Kill - 3 Players Defense
   Defense                  Defense                  Time % Phy DF OF 
 1 Noah Juulsen             Filip Roos               50     2   3  0  
 2 Shakir Mukhamadullin     Noah Warren              50     2   3  0  

4 vs 4 Forward 
   Center                   Wing                     Time % Phy DF OF 
 1 Thomas Bordeleau         Nils Hoglander           45     0   1  4  
 2 Tristan Broz             Boris Katchouk           55     0   1  4  

4 vs 4 Defense
   Defense                  Defense                  Time % Phy DF OF 
 1 Mason Lohrei             Filip Roos               45     0   2  3  
 2 Noah Juulsen             Shakir Mukhamadullin     55     0   2  3  

Last Minutes Offensive
   Center                   Left Wing                Right Wing               Defense                  Defense                  
   Tristan Broz             Nathan Bastian           Nils Hoglander           Mason Lohrei             Hendrix Lapierre         

Last Minutes Defensive
   Center                   Left Wing                Right Wing               Defense                  Defense                  
   Tristan Broz             Yegor Sokolov            Ivan Miroshnichenko      Noah Juulsen             Shakir Mukhamadullin     

Goaltenders
Starting : Jan Bednar               
Backup : Brandon Halverson        

Extra Forwards
Normal : Jean-Luc Foudy, Nils Hoglander, Alexander Holtz - PP : Yegor Sokolov, Ivan Miroshnichenko - PK : Caedan Bankier
Extra Defensemen
Normal : Ronnie Attard, Noah Warren, Shakir Mukhamadullin - PP : Ronnie Attard - PK : Ronnie Attard, Noah Warren
Penalty Shots
Jean-Luc Foudy, Tristan Broz, Boris Katchouk, Yegor Sokolov, Thomas Bordeleau

Scratches
Artyom Grushnikov (Healthy), Trevor Janicke (Healthy), Marek Alscher (Healthy), Alex Beaucage (Healthy), Nico Daws (Healthy)

Rhode Island Whales

5 vs 5 Forward 
   Center                   Left Wing                Right Wing               Time % Phy DF OF 
 1 Frank Nazar              Alex Newhook             Jiri Kulich              30     1   2  2  
 2 Cam Lund                 Lukas Reichel            Isak Rosen               30     1   2  2  
 3 Ryder Rolston            Samuel Honzek            Oskar Olausson           25     1   2  2  
 4 Frank Nazar              Eduard Sale              Ryder Rolston            15     1   2  2  

5 vs 5 Defense 
   Defense                  Defense                                           Time % Phy DF OF 
 1 Pavel Mintyukov          Artyom Levshunov                                  30     1   2  2  
 2 Owen Pickering           Emil Andrae                                       30     1   2  2  
 3 Kevin Korchinski         Ryan O'Rourke                                     25     1   2  2  
 4 Pavel Mintyukov          Artyom Levshunov                                  15     1   2  2  

PowerPlay Forward 
   Center                   Left Wing                Right Wing               Time % Phy DF OF 
 1 Frank Nazar              Alex Newhook             Jiri Kulich              50     1   2  2  
 2 Cam Lund                 Lukas Reichel            Isak Rosen               50     1   2  2  

PowerPlay Defense
   Defense                  Defense                                           Time % Phy DF OF 
 1 Pavel Mintyukov          Artyom Levshunov                                  50     1   2  2  
 2 Owen Pickering           Emil Andrae                                       50     1   2  2  

Penalty Kill 4 Players Forward 
   Center                   Wing                     Time % Phy DF OF 
 1 Frank Nazar              Alex Newhook             50     1   2  2  
 2 Jiri Kulich              Isak Rosen               50     1   2  2  

Penalty Kill 4 Players Defense
   Defense                  Defense                  Time % Phy DF OF 
 1 Pavel Mintyukov          Artyom Levshunov         50     1   2  2  
 2 Owen Pickering           Emil Andrae              50     1   2  2  

Penalty Kill - 3 Players Forward 
   Forward                                           Time % Phy DF OF 
 1 Frank Nazar                                       50     1   2  2  
 2 Alex Newhook                                      50     1   2  2  

Penalty Kill - 3 Players Defense
   Defense                  Defense                  Time % Phy DF OF 
 1 Pavel Mintyukov          Artyom Levshunov         50     1   2  2  
 2 Owen Pickering           Emil Andrae              50     1   2  2  

4 vs 4 Forward 
   Center                   Wing                     Time % Phy DF OF 
 1 Frank Nazar              Alex Newhook             50     1   2  2  
 2 Jiri Kulich              Isak Rosen               50     1   2  2  

4 vs 4 Defense
   Defense                  Defense                  Time % Phy DF OF 
 1 Pavel Mintyukov          Artyom Levshunov         50     1   2  2  
 2 Owen Pickering           Emil Andrae              50     1   2  2  

Last Minutes Offensive
   Center                   Left Wing                Right Wing               Defense                  Defense                  
   Frank Nazar              Alex Newhook             Jiri Kulich              Pavel Mintyukov          Artyom Levshunov         

Last Minutes Defensive
   Center                   Left Wing                Right Wing               Defense                  Defense                  
   Frank Nazar              Alex Newhook             Jiri Kulich              Pavel Mintyukov          Artyom Levshunov         

Goaltenders
Starting : Cameron Whitehead        
Backup : Unknown Goalie           

Extra Forwards
Normal : Luke Tuch, Cross Hanas, Oskar Olausson - PP : Luke Tuch, Cross Hanas - PK : Oskar Olausson
Extra Defensemen
Normal : Kevin Korchinski, Ryan O'Rourke, Owen Pickering - PP : Kevin Korchinski - PK : Ryan O'Rourke, Owen Pickering
Penalty Shots
Frank Nazar, Alex Newhook, Jiri Kulich, Isak Rosen, Lukas Reichel

Scratches
Calle Odelius (Healthy), Mitchell Weeks (Healthy)

% Time on Ice - Atlantic City Gamblers

Lines # - Real PCT - Wanted PCT - Time Play
Normal Forward
1 - 28% - 30% - 13:23
2 - 28% - 30% - 13:47
3 - 24% - 25% - 11:40
4 - 20% - 15% - 9:40
Normal Defense
1 - 38% - 38% - 18:27
2 - 39% - 37% - 18:55
3 - 23% - 25% - 11:08
4 - 0% - 0% - 0:00
PP Forward
1 - 57% - 50% - 2:32
2 - 43% - 50% - 1:56
PP Defense
1 - 46% - 50% - 2:03
2 - 54% - 50% - 2:25
PK Forward
1 - 60% - 55% - 4:12
2 - 40% - 45% - 2:50
PK Defense
1 - 60% - 55% - 4:12
2 - 40% - 45% - 2:50
PK3 Forward
1 - 0% - 50%
2 - 0% - 50%
PK3 Defense
1 - 0% - 50%
2 - 0% - 50%
44 Forward
1 - 0% - 45%
2 - 0% - 55%
44 Defense
1 - 0% - 45%
2 - 0% - 55%
Last Minute Offensive  - 0:00
Last Minute Defensive  - 0:00
Total
Forward - 60:00
Defense - 60:00

% Time on Ice - Rhode Island Whales

Lines # - Real PCT - Wanted PCT - Time Play
Normal Forward
1 - 32% - 30% - 15:24
2 - 31% - 30% - 15:11
3 - 25% - 25% - 12:06
4 - 12% - 15% - 5:49
Normal Defense
1 - 34% - 30% - 16:16
2 - 30% - 30% - 14:44
3 - 24% - 25% - 11:40
4 - 12% - 15% - 5:50
PP Forward
1 - 47% - 50% - 3:19
2 - 53% - 50% - 3:43
PP Defense
1 - 54% - 50% - 3:47
2 - 46% - 50% - 3:15
PK Forward
1 - 43% - 50% - 1:54
2 - 57% - 50% - 2:34
PK Defense
1 - 59% - 50% - 2:37
2 - 41% - 50% - 1:51
PK3 Forward
1 - 0% - 50%
2 - 0% - 50%
PK3 Defense
1 - 0% - 50%
2 - 0% - 50%
44 Forward
1 - 0% - 50%
2 - 0% - 50%
44 Defense
1 - 0% - 50%
2 - 0% - 50%
Last Minute Offensive  - 0:00
Last Minute Defensive  - 0:00
Total
Forward - 60:00
Defense - 60:00

Play-by-Play

1st period


0:01 of 1st period - Frank Nazar wins face-off versus Thomas Bordeleau in neutral zone.
0:06 of 1st period - Wrist shot by Jiri Kulich.
0:06 of 1st period - Shot Misses the Net.
0:38 of 1st period - Snap shot by Cam Lund.
0:38 of 1st period - Stopped by Jan Bednar with a rebound.
0:48 of 1st period - Slapshot by Alexander Holtz.
0:48 of 1st period - Stopped by Cameron Whitehead without a rebound.
0:49 of 1st period - Samuel Honzek wins face-off versus Caedan Bankier in Rhode Island Whales zone.
1:31 of 1st period - Minor Penalty to Ben King for Tripping.
1:32 of 1st period - Thomas Bordeleau wins face-off versus Frank Nazar in Atlantic City Gamblers zone.
2:24 of 1st period - Yegor Sokolov is hit by Frank Nazar and loses puck.
3:31 of 1st period - Penalty to Ben King is over, Ben King is back on ice.
4:05 of 1st period - Kevin Korchinski is hit by Noah Warren and loses puck.
4:37 of 1st period - Minor Penalty to Jean-Luc Foudy for Tripping.
4:38 of 1st period - Thomas Bordeleau wins face-off versus Cam Lund in Atlantic City Gamblers zone.
6:28 of 1st period - Noah Juulsen is hit by Artyom Levshunov and loses puck.
6:37 of 1st period - Penalty to Jean-Luc Foudy is over, Jean-Luc Foudy is back on ice.
7:48 of 1st period - Jiri Kulich is hit by Nils Hoglander and loses puck.
8:05 of 1st period - Nathan Bastian is hit by Isak Rosen.
8:31 of 1st period - Slapshot by Mason Lohrei.
8:31 of 1st period - Stopped by Cameron Whitehead with a rebound.
8:33 of 1st period - Slapshot by Yegor Sokolov.
8:33 of 1st period - Deflect By Tristan Broz.
8:33 of 1st period - Stopped by Cameron Whitehead without a rebound.
8:34 of 1st period - Tristan Broz wins face-off versus Cross Hanas in Rhode Island Whales zone.
8:41 of 1st period - Snap shot by Yegor Sokolov.
8:41 of 1st period - Shot Hit the Post.
8:43 of 1st period - Slapshot by Tristan Broz.
8:43 of 1st period - Shot Blocked by Ryder Rolston.
8:45 of 1st period - Slapshot by Filip Roos.
8:45 of 1st period - Deflect By Ryder Rolston.
8:45 of 1st period - Stopped by Cameron Whitehead without a rebound.
8:46 of 1st period - Cam Lund wins face-off versus Nils Hoglander in Rhode Island Whales zone.
8:57 of 1st period - Snap shot by Isak Rosen.
8:57 of 1st period - Shot Blocked by Ronnie Attard.
8:59 of 1st period - Snap shot by Lukas Reichel.
8:59 of 1st period - Stopped by Jan Bednar without a rebound.
9:00 of 1st period - Tristan Broz wins face-off versus Frank Nazar in Atlantic City Gamblers zone.
9:07 of 1st period - Slapshot by Tristan Broz.
9:07 of 1st period - Shot Misses the Net.
9:09 of 1st period - Slapshot by Noah Warren.
9:09 of 1st period - Shot Misses the Net.
9:11 of 1st period - Slapshot by Noah Warren.
9:11 of 1st period - Shot Hit the Post.
9:13 of 1st period - Snap shot by Noah Warren.
9:13 of 1st period - Stopped by Cameron Whitehead with a rebound.
9:15 of 1st period - Wrist shot by Yegor Sokolov.
9:15 of 1st period - Deflect By Pavel Mintyukov.
9:15 of 1st period - Shot Misses the Net.
9:15 of 1st period - Puck is out of play.
9:16 of 1st period - Thomas Bordeleau wins face-off versus Cam Lund in Rhode Island Whales zone.
9:51 of 1st period - Off-side.
9:52 of 1st period - Thomas Bordeleau wins face-off versus Ryder Rolston in neutral zone.
9:57 of 1st period - Slapshot by Nils Hoglander.
9:57 of 1st period - Shot Misses the Net.
10:05 of 1st period - Snap shot by Samuel Honzek.
10:05 of 1st period - Shot Blocked by Filip Roos.
10:07 of 1st period - Wrist shot by Artyom Levshunov.
10:07 of 1st period - Deflect By Ryder Rolston.
10:07 of 1st period - Shot Blocked by Filip Roos.
10:07 of 1st period - Puck is out of play.
10:08 of 1st period - Frank Nazar wins face-off versus Tristan Broz in Atlantic City Gamblers zone.
10:40 of 1st period - Wrist shot by Nils Hoglander.
10:40 of 1st period - Deflect By Hendrix Lapierre.
10:40 of 1st period - Stopped by Cameron Whitehead with a rebound.
11:04 of 1st period - Thomas Bordeleau is hit by Samuel Honzek and loses puck.
11:18 of 1st period - Wrist shot by Alex Newhook.
11:18 of 1st period - Shot Hit the Post.
11:20 of 1st period - Slapshot by Kevin Korchinski.
11:20 of 1st period - Shot Blocked by Shakir Mukhamadullin.
11:22 of 1st period - Snap shot by Alex Newhook.
11:22 of 1st period - Deflect By Frank Nazar.
11:22 of 1st period - Goal by Frank Nazar - Atlantic City Gamblers : 0 - Rhode Island Whales : 1.
11:23 of 1st period - Cam Lund wins face-off versus Caedan Bankier in neutral zone.
11:33 of 1st period - Snap shot by Isak Rosen.
11:33 of 1st period - Shot Blocked by Filip Roos.
11:39 of 1st period - Wrist shot by Isak Rosen.
11:39 of 1st period - Shot Blocked by Filip Roos.
11:51 of 1st period - Jiri Kulich is hit by Yegor Sokolov and loses puck.
12:00 of 1st period - Snap shot by Tristan Broz.
12:00 of 1st period - Stopped by Cameron Whitehead with a rebound.
12:42 of 1st period - Ronnie Attard is hit by Cam Lund.
12:56 of 1st period - Snap shot by Alexander Holtz.
12:56 of 1st period - Stopped by Cameron Whitehead with a rebound.
13:13 of 1st period - Snap shot by Caedan Bankier.
13:13 of 1st period - Shot Blocked by Ryder Rolston.
13:25 of 1st period - Backhand shot by Tristan Broz.
13:25 of 1st period - Stopped by Cameron Whitehead without a rebound.
13:26 of 1st period - Thomas Bordeleau wins face-off versus Cam Lund in Rhode Island Whales zone.
15:04 of 1st period - Wrist shot by Alex Newhook.
15:04 of 1st period - Shot Misses the Net.
15:14 of 1st period - Snap shot by Thomas Bordeleau.
15:14 of 1st period - Shot Blocked by Ryan O'Rourke.
15:40 of 1st period - Icing by Frank Nazar.
15:41 of 1st period - Frank Nazar wins face-off versus Tristan Broz in Rhode Island Whales zone.
15:52 of 1st period - Snap shot by Yegor Sokolov.
15:52 of 1st period - Stopped by Cameron Whitehead with a rebound.
16:06 of 1st period - Kevin Korchinski is hit by Ivan Miroshnichenko and loses puck.
16:44 of 1st period - Ben King is hit by Frank Nazar and loses puck.
16:51 of 1st period - Slapshot by Alex Newhook.
16:51 of 1st period - Shot Misses the Net.
17:06 of 1st period - Icing by Ronnie Attard.
17:07 of 1st period - Ben King wins face-off versus Cam Lund in Atlantic City Gamblers zone.
17:33 of 1st period - Wrist shot by Yegor Sokolov.
17:33 of 1st period - Goal by Yegor Sokolov - Atlantic City Gamblers : 1 - Rhode Island Whales : 1.
17:34 of 1st period - Frank Nazar wins face-off versus Tristan Broz in neutral zone.
17:39 of 1st period - Wrist shot by Jiri Kulich.
17:39 of 1st period - Stopped by Jan Bednar with a rebound.
18:07 of 1st period - Snap shot by Isak Rosen.
18:07 of 1st period - Shot Misses the Net.
18:26 of 1st period - Isak Rosen is hit by Ben King and loses puck.
18:55 of 1st period - Pavel Mintyukov is hit by Hendrix Lapierre and loses puck.
19:10 of 1st period - Backhand shot by Alex Newhook.
19:10 of 1st period - Stopped by Jan Bednar with a rebound.
19:12 of 1st period - Slapshot by Artyom Levshunov.
19:12 of 1st period - Stopped by Jan Bednar with a rebound.
19:14 of 1st period - Snap shot by Frank Nazar.
19:14 of 1st period - Shot Blocked by Mason Lohrei.
19:20 of 1st period - Minor Penalty to Tristan Broz for Delaying the game.
19:21 of 1st period - Frank Nazar wins face-off versus Thomas Bordeleau in Atlantic City Gamblers zone.
19:28 of 1st period - Snap shot by Alex Newhook.
19:28 of 1st period - Goal by Alex Newhook - Atlantic City Gamblers : 1 - Rhode Island Whales : 2.
19:29 of 1st period - Frank Nazar wins face-off versus Tristan Broz in neutral zone.
19:32 of 1st period - Wrist shot by Alex Newhook.
19:32 of 1st period - Goal by Alex Newhook - Atlantic City Gamblers : 1 - Rhode Island Whales : 3.
19:33 of 1st period - Tristan Broz wins face-off versus Frank Nazar in neutral zone.
19:42 of 1st period - Backhand shot by Tristan Broz.
19:42 of 1st period - Shot Misses the Net.
Goals for this period are 1 for Atlantic City Gamblers vs 3 for Rhode Island Whales.
Shots for this period are 11 for Atlantic City Gamblers vs 8 for Rhode Island Whales.

2nd period


0:01 of 2nd period - Caedan Bankier wins face-off versus Frank Nazar in neutral zone.
0:14 of 2nd period - Snap shot by Alexander Holtz.
0:14 of 2nd period - Shot Blocked by Ryan O'Rourke.
0:16 of 2nd period - Wrist shot by Caedan Bankier.
0:16 of 2nd period - Stopped by Cameron Whitehead without a rebound.
0:17 of 2nd period - Cam Lund wins face-off versus Thomas Bordeleau in Rhode Island Whales zone.
0:28 of 2nd period - Wrist shot by Thomas Bordeleau.
0:28 of 2nd period - Stopped by Cameron Whitehead with a rebound.
0:30 of 2nd period - Snap shot by Nils Hoglander.
0:30 of 2nd period - Shot Misses the Net.
0:32 of 2nd period - Slapshot by Filip Roos.
0:32 of 2nd period - Stopped by Cameron Whitehead without a rebound.
0:33 of 2nd period - Tristan Broz wins face-off versus Frank Nazar in Rhode Island Whales zone.
0:34 of 2nd period - Snap shot by Boris Katchouk.
0:34 of 2nd period - Goal by Boris Katchouk - Atlantic City Gamblers : 2 - Rhode Island Whales : 3.
0:35 of 2nd period - Frank Nazar wins face-off versus Tristan Broz in neutral zone.
0:46 of 2nd period - Snap shot by Frank Nazar.
0:46 of 2nd period - Shot Blocked by Shakir Mukhamadullin.
0:48 of 2nd period - Slapshot by Artyom Levshunov.
0:48 of 2nd period - Goal by Artyom Levshunov - Atlantic City Gamblers : 2 - Rhode Island Whales : 4.
0:49 of 2nd period - Thomas Bordeleau wins face-off versus Oskar Olausson in neutral zone.
1:03 of 2nd period - Slapshot by Samuel Honzek.
1:03 of 2nd period - Deflect By Ryder Rolston.
1:03 of 2nd period - Stopped by Jan Bednar without a rebound.
1:04 of 2nd period - Caedan Bankier wins face-off versus Frank Nazar in Atlantic City Gamblers zone.
1:06 of 2nd period - Minor Penalty to Noah Juulsen for Hooking.
1:07 of 2nd period - Thomas Bordeleau wins face-off versus Cam Lund in Atlantic City Gamblers zone.
1:17 of 2nd period - Snap shot by Lukas Reichel.
1:17 of 2nd period - Shot Misses the Net.
1:19 of 2nd period - Wrist shot by Isak Rosen.
1:19 of 2nd period - Deflect By Cam Lund.
1:19 of 2nd period - Shot Misses the Net.
1:19 of 2nd period - Puck is out of play.
1:20 of 2nd period - Thomas Bordeleau wins face-off versus Frank Nazar in Atlantic City Gamblers zone.
1:20 of 2nd period - Thomas Bordeleau is hit by Alex Newhook.
1:50 of 2nd period - Slapshot by Lukas Reichel.
1:50 of 2nd period - Goal by Lukas Reichel - Atlantic City Gamblers : 2 - Rhode Island Whales : 5.
1:51 of 2nd period - Frank Nazar wins face-off versus Caedan Bankier in neutral zone.
2:06 of 2nd period - Wrist shot by Alex Newhook.
2:06 of 2nd period - Shot Misses the Net.
2:35 of 2nd period - Icing by Noah Juulsen.
2:36 of 2nd period - Ryder Rolston wins face-off versus Nils Hoglander in Atlantic City Gamblers zone.
3:25 of 2nd period - Slapshot by Alexander Holtz.
3:25 of 2nd period - Stopped by Cameron Whitehead without a rebound.
3:26 of 2nd period - Cam Lund wins face-off versus Caedan Bankier in Rhode Island Whales zone.
6:03 of 2nd period - Lukas Reichel is hit by Thomas Bordeleau and loses puck.
6:22 of 2nd period - Noah Warren is hit by Ryan O'Rourke and loses puck.
6:39 of 2nd period - Yegor Sokolov is hit by Emil Andrae and loses puck.
7:02 of 2nd period - Mason Lohrei is hit by Artyom Levshunov.
7:29 of 2nd period - Icing by Frank Nazar.
7:30 of 2nd period - Thomas Bordeleau wins face-off versus Frank Nazar in Rhode Island Whales zone.
7:53 of 2nd period - Owen Pickering is hit by Boris Katchouk and loses puck.
8:02 of 2nd period - Wrist shot by Boris Katchouk.
8:02 of 2nd period - Shot Misses the Net.
8:24 of 2nd period - Wrist shot by Ivan Miroshnichenko.
8:24 of 2nd period - Stopped by Cameron Whitehead with a rebound.
9:00 of 2nd period - Owen Pickering is hit by Yegor Sokolov and loses puck.
9:13 of 2nd period - Wrist shot by Hendrix Lapierre.
9:13 of 2nd period - Shot Misses the Net.
9:15 of 2nd period - Slapshot by Noah Juulsen.
9:15 of 2nd period - Stopped by Cameron Whitehead without a rebound.
9:16 of 2nd period - Frank Nazar wins face-off versus Nils Hoglander in Rhode Island Whales zone.
9:16 of 2nd period - Frank Nazar is hit by Thomas Bordeleau.
9:25 of 2nd period - Minor Penalty to Thomas Bordeleau for Interference.
9:26 of 2nd period - Caedan Bankier wins face-off versus Cam Lund in Atlantic City Gamblers zone.
9:38 of 2nd period - Slapshot by Artyom Levshunov.
9:38 of 2nd period - Goal by Artyom Levshunov - Atlantic City Gamblers : 2 - Rhode Island Whales : 6.
9:39 of 2nd period - Tristan Broz wins face-off versus Frank Nazar in neutral zone.
9:42 of 2nd period - Slapshot by Mason Lohrei.
9:42 of 2nd period - Deflect By Yegor Sokolov.
9:42 of 2nd period - Shot Hit the Post.
9:42 of 2nd period - Puck is out of play.
9:43 of 2nd period - Tristan Broz wins face-off versus Ryder Rolston in Rhode Island Whales zone.
10:12 of 2nd period - Snap shot by Nils Hoglander.
10:12 of 2nd period - Stopped by Cameron Whitehead without a rebound.
10:13 of 2nd period - Thomas Bordeleau wins face-off versus Cam Lund in Rhode Island Whales zone.
10:16 of 2nd period - Slapshot by Nils Hoglander.
10:16 of 2nd period - Stopped by Cameron Whitehead without a rebound.
10:17 of 2nd period - Thomas Bordeleau wins face-off versus Cam Lund in Rhode Island Whales zone.
10:25 of 2nd period - Wrist shot by Hendrix Lapierre.
10:25 of 2nd period - Stopped by Cameron Whitehead with a rebound.
11:04 of 2nd period - Snap shot by Boris Katchouk.
11:04 of 2nd period - Stopped by Cameron Whitehead with a rebound.
11:06 of 2nd period - Wrist shot by Yegor Sokolov.
11:06 of 2nd period - Goal by Yegor Sokolov - Atlantic City Gamblers : 3 - Rhode Island Whales : 6.
11:07 of 2nd period - Frank Nazar wins face-off versus Thomas Bordeleau in neutral zone.
11:15 of 2nd period - Off-side.
11:16 of 2nd period - Frank Nazar wins face-off versus Hendrix Lapierre in neutral zone.
11:39 of 2nd period - Snap shot by Frank Nazar.
11:39 of 2nd period - Stopped by Jan Bednar without a rebound.
11:40 of 2nd period - Cam Lund wins face-off versus Tristan Broz in Atlantic City Gamblers zone.
11:47 of 2nd period - Snap shot by Cam Lund.
11:47 of 2nd period - Stopped by Jan Bednar with a rebound.
12:08 of 2nd period - Snap shot by Samuel Honzek.
12:08 of 2nd period - Shot Blocked by Noah Juulsen.
12:10 of 2nd period - Snap shot by Pavel Mintyukov.
12:10 of 2nd period - Stopped by Jan Bednar without a rebound.
12:11 of 2nd period - Ryder Rolston wins face-off versus Ivan Miroshnichenko in Atlantic City Gamblers zone.
12:11 of 2nd period - Artyom Levshunov is hit by Mason Lohrei and loses puck.
12:55 of 2nd period - Snap shot by Mason Lohrei.
12:55 of 2nd period - Stopped by Cameron Whitehead without a rebound.
12:56 of 2nd period - Ben King wins face-off versus Cam Lund in Rhode Island Whales zone.
13:07 of 2nd period - Wrist shot by Nathan Bastian.
13:07 of 2nd period - Stopped by Cameron Whitehead without a rebound.
13:08 of 2nd period - Alex Newhook wins face-off versus Yegor Sokolov in Rhode Island Whales zone.
13:19 of 2nd period - Slapshot by Noah Warren.
13:19 of 2nd period - Stopped by Cameron Whitehead without a rebound.
13:20 of 2nd period - Jiri Kulich wins face-off versus Caedan Bankier in Rhode Island Whales zone.
13:25 of 2nd period - Snap shot by Jiri Kulich.
13:25 of 2nd period - Stopped by Jan Bednar with a rebound.
13:30 of 2nd period - Off-side.
13:31 of 2nd period - Tristan Broz wins face-off versus Oskar Olausson in neutral zone.
13:42 of 2nd period - Mason Lohrei is hit by Samuel Honzek and loses puck.
13:47 of 2nd period - Slapshot by Pavel Mintyukov.
13:47 of 2nd period - Shot Blocked by Mason Lohrei.
14:07 of 2nd period - Slapshot by Mason Lohrei.
14:07 of 2nd period - Stopped by Cameron Whitehead with a rebound.
14:19 of 2nd period - Thomas Bordeleau is hit by Isak Rosen and loses puck.
15:08 of 2nd period - Icing by Owen Pickering.
15:09 of 2nd period - Thomas Bordeleau wins face-off versus Frank Nazar in Rhode Island Whales zone.
15:34 of 2nd period - Snap shot by Alex Newhook.
15:34 of 2nd period - Stopped by Jan Bednar with a rebound.
15:36 of 2nd period - Snap shot by Frank Nazar.
15:36 of 2nd period - Stopped by Jan Bednar with a rebound.
15:38 of 2nd period - Wrist shot by Owen Pickering.
15:38 of 2nd period - Stopped by Jan Bednar without a rebound.
15:39 of 2nd period - Caedan Bankier wins face-off versus Cam Lund in Atlantic City Gamblers zone.
15:53 of 2nd period - Wrist shot by Alexander Holtz.
15:53 of 2nd period - Shot Misses the Net.
15:55 of 2nd period - Slapshot by Shakir Mukhamadullin.
15:55 of 2nd period - Deflect By Alexander Holtz.
15:55 of 2nd period - Shot Misses the Net.
15:55 of 2nd period - Puck is out of play.
15:56 of 2nd period - Tristan Broz wins face-off versus Ryder Rolston in Rhode Island Whales zone.
15:57 of 2nd period - Snap shot by Boris Katchouk.
15:57 of 2nd period - Stopped by Cameron Whitehead without a rebound.
15:58 of 2nd period - Boris Katchouk wins face-off versus Ryder Rolston in Rhode Island Whales zone.
16:07 of 2nd period - Snap shot by Pavel Mintyukov.
16:07 of 2nd period - Stopped by Jan Bednar with a rebound.
16:09 of 2nd period - Slapshot by Artyom Levshunov.
16:09 of 2nd period - Shot Misses the Net.
16:11 of 2nd period - Snap shot by Samuel Honzek.
16:11 of 2nd period - Stopped by Jan Bednar without a rebound.
16:12 of 2nd period - Caedan Bankier wins face-off versus Cam Lund in Atlantic City Gamblers zone.
16:12 of 2nd period - Caedan Bankier is hit by Lukas Reichel.
16:26 of 2nd period - Snap shot by Alexander Holtz.
16:26 of 2nd period - Shot Misses the Net.
16:44 of 2nd period - Wrist shot by Tristan Broz.
16:44 of 2nd period - Shot Misses the Net.
16:46 of 2nd period - Snap shot by Boris Katchouk.
16:46 of 2nd period - Stopped by Cameron Whitehead without a rebound.
16:47 of 2nd period - Frank Nazar wins face-off versus Thomas Bordeleau in Rhode Island Whales zone.
16:47 of 2nd period - Frank Nazar is hit by Noah Warren.
16:57 of 2nd period - Minor Penalty to Ronnie Attard for Slashing.
16:58 of 2nd period - Frank Nazar wins face-off versus Thomas Bordeleau in Atlantic City Gamblers zone.
17:27 of 2nd period - Snap shot by Frank Nazar.
17:27 of 2nd period - Shot Blocked by Tristan Broz.
17:29 of 2nd period - Snap shot by Alex Newhook.
17:29 of 2nd period - Stopped by Jan Bednar with a rebound.
17:36 of 2nd period - Snap shot by Frank Nazar.
17:36 of 2nd period - Stopped by Jan Bednar without a rebound.
17:37 of 2nd period - Cam Lund wins face-off versus Thomas Bordeleau in Atlantic City Gamblers zone.
17:38 of 2nd period - Wrist shot by Lukas Reichel.
17:38 of 2nd period - Stopped by Jan Bednar without a rebound.
17:39 of 2nd period - Thomas Bordeleau wins face-off versus Cam Lund in Atlantic City Gamblers zone.
18:03 of 2nd period - Noah Juulsen is hit by Owen Pickering and loses puck.
18:04 of 2nd period - Noah Juulsen from Atlantic City Gamblers is injured at 18:04 of 2nd period (Sprained Right Ankle).
18:05 of 2nd period - Thomas Bordeleau wins face-off versus Cam Lund in Atlantic City Gamblers zone.
18:05 of 2nd period - Thomas Bordeleau is hit by Lukas Reichel.
18:46 of 2nd period - Snap shot by Cam Lund.
18:46 of 2nd period - Shot Misses the Net.
18:48 of 2nd period - Slapshot by Lukas Reichel.
18:48 of 2nd period - Stopped by Jan Bednar without a rebound.
18:49 of 2nd period - Frank Nazar wins face-off versus Thomas Bordeleau in Atlantic City Gamblers zone.
18:52 of 2nd period - Wrist shot by Frank Nazar.
18:52 of 2nd period - Shot Blocked by Mason Lohrei.
18:54 of 2nd period - Slapshot by Owen Pickering.
18:54 of 2nd period - Stopped by Jan Bednar with a rebound.
18:57 of 2nd period - Penalty to Ronnie Attard is over, Ronnie Attard is back on ice.
19:16 of 2nd period - Alexander Holtz is hit by Samuel Honzek and loses puck.
19:50 of 2nd period - Icing by Noah Warren.
19:51 of 2nd period - Thomas Bordeleau wins face-off versus Frank Nazar in Atlantic City Gamblers zone.
Goals for this period are 2 for Atlantic City Gamblers vs 3 for Rhode Island Whales.
Shots for this period are 18 for Atlantic City Gamblers vs 18 for Rhode Island Whales.

3rd period


0:01 of 3rd period - Cam Lund wins face-off versus Tristan Broz in neutral zone.
0:08 of 3rd period - Snap shot by Lukas Reichel.
0:08 of 3rd period - Shot Blocked by Yegor Sokolov.
0:10 of 3rd period - Wrist shot by Cam Lund.
0:10 of 3rd period - Stopped by Jan Bednar with a rebound.
0:12 of 3rd period - Slapshot by Artyom Levshunov.
0:12 of 3rd period - Stopped by Jan Bednar without a rebound.
0:13 of 3rd period - Ryder Rolston wins face-off versus Boris Katchouk in Atlantic City Gamblers zone.
0:22 of 3rd period - Wrist shot by Shakir Mukhamadullin.
0:22 of 3rd period - Stopped by Cameron Whitehead without a rebound.
0:23 of 3rd period - Ryder Rolston wins face-off versus Boris Katchouk in Rhode Island Whales zone.
0:30 of 3rd period - Snap shot by Samuel Honzek.
0:30 of 3rd period - Stopped by Jan Bednar without a rebound.
0:31 of 3rd period - Cam Lund wins face-off versus Thomas Bordeleau in Atlantic City Gamblers zone.
0:32 of 3rd period - Snap shot by Lukas Reichel.
0:32 of 3rd period - Shot Blocked by Thomas Bordeleau.
0:56 of 3rd period - Artyom Levshunov is hit by Ivan Miroshnichenko.
1:04 of 3rd period - Slapshot by Ivan Miroshnichenko.
1:04 of 3rd period - Stopped by Cameron Whitehead without a rebound.
1:05 of 3rd period - Tristan Broz wins face-off versus Ryder Rolston in Rhode Island Whales zone.
1:06 of 3rd period - Snap shot by Boris Katchouk.
1:06 of 3rd period - Shot Misses the Net.
1:08 of 3rd period - Snap shot by Tristan Broz.
1:08 of 3rd period - Stopped by Cameron Whitehead without a rebound.
1:09 of 3rd period - Tristan Broz wins face-off versus Ryder Rolston in Rhode Island Whales zone.
1:12 of 3rd period - Slapshot by Boris Katchouk.
1:12 of 3rd period - Stopped by Cameron Whitehead without a rebound.
1:13 of 3rd period - Tristan Broz wins face-off versus Ryder Rolston in Rhode Island Whales zone.
1:33 of 3rd period - Snap shot by Boris Katchouk.
1:33 of 3rd period - Stopped by Cameron Whitehead without a rebound.
1:34 of 3rd period - Alex Newhook wins face-off versus Alexander Holtz in Rhode Island Whales zone.
1:39 of 3rd period - Filip Roos is hit by Frank Nazar and loses puck.
1:46 of 3rd period - Snap shot by Alex Newhook.
1:46 of 3rd period - Stopped by Jan Bednar with a rebound.
1:48 of 3rd period - Slapshot by Pavel Mintyukov.
1:48 of 3rd period - Stopped by Jan Bednar with a rebound.
1:50 of 3rd period - Slapshot by Artyom Levshunov.
1:50 of 3rd period - Shot Misses the Net.
2:00 of 3rd period - Lukas Reichel is hit by Filip Roos and loses puck.
2:07 of 3rd period - Snap shot by Isak Rosen.
2:07 of 3rd period - Shot Misses the Net.
2:09 of 3rd period - Snap shot by Cam Lund.
2:09 of 3rd period - Shot Blocked by Thomas Bordeleau.
3:05 of 3rd period - Jiri Kulich is hit by Ronnie Attard.
3:15 of 3rd period - Pavel Mintyukov is hit by Caedan Bankier.
5:19 of 3rd period - Oskar Olausson is hit by Nathan Bastian and loses puck.
5:28 of 3rd period - Minor Penalty to Ryan O'Rourke for Tripping.
5:29 of 3rd period - Thomas Bordeleau wins face-off versus Frank Nazar in Rhode Island Whales zone.
5:44 of 3rd period - Slapshot by Mason Lohrei.
5:44 of 3rd period - Stopped by Cameron Whitehead with a rebound.
5:59 of 3rd period - Snap shot by Hendrix Lapierre.
5:59 of 3rd period - Shot Misses the Net.
6:17 of 3rd period - Slapshot by Nils Hoglander.
6:17 of 3rd period - Stopped by Cameron Whitehead with a rebound.
6:57 of 3rd period - Wrist shot by Hendrix Lapierre.
6:57 of 3rd period - Goal by Hendrix Lapierre - Atlantic City Gamblers : 4 - Rhode Island Whales : 6.
6:58 of 3rd period - Frank Nazar wins face-off versus Tristan Broz in neutral zone.
7:10 of 3rd period - Slapshot by Boris Katchouk.
7:10 of 3rd period - Stopped by Cameron Whitehead without a rebound.
7:11 of 3rd period - Frank Nazar wins face-off versus Tristan Broz in Rhode Island Whales zone.
8:20 of 3rd period - Jiri Kulich is hit by Yegor Sokolov.
8:32 of 3rd period - Ryder Rolston is hit by Ivan Miroshnichenko and loses puck.
9:21 of 3rd period - Minor Penalty to Pavel Mintyukov for Hooking.
9:22 of 3rd period - Tristan Broz wins face-off versus Jiri Kulich in Rhode Island Whales zone.
9:22 of 3rd period - Snap shot by Yegor Sokolov.
9:22 of 3rd period - Deflect By Boris Katchouk.
9:22 of 3rd period - Shot Blocked by Isak Rosen.
9:22 of 3rd period - Puck is out of play.
9:23 of 3rd period - Jiri Kulich wins face-off versus Tristan Broz in Rhode Island Whales zone.
9:38 of 3rd period - Snap shot by Jiri Kulich.
9:38 of 3rd period - Shot Misses the Net.
10:02 of 3rd period - Ryan O'Rourke is hit by Thomas Bordeleau and loses puck.
11:21 of 3rd period - Penalty to Pavel Mintyukov is over, Pavel Mintyukov is back on ice.
11:38 of 3rd period - Snap shot by Isak Rosen.
11:38 of 3rd period - Shot Misses the Net.
12:22 of 3rd period - Wrist shot by Frank Nazar.
12:22 of 3rd period - Stopped by Jan Bednar without a rebound.
12:23 of 3rd period - Alex Newhook wins face-off versus Ben King in Atlantic City Gamblers zone.
12:44 of 3rd period - Snap shot by Ben King.
12:44 of 3rd period - Stopped by Cameron Whitehead without a rebound.
12:45 of 3rd period - Tristan Broz wins face-off versus Ryder Rolston in Rhode Island Whales zone.
12:46 of 3rd period - Snap shot by Boris Katchouk.
12:46 of 3rd period - Stopped by Cameron Whitehead without a rebound.
12:47 of 3rd period - Tristan Broz wins face-off versus Ryder Rolston in Rhode Island Whales zone.
12:53 of 3rd period - Minor Penalty to Ryan O'Rourke for Holding.
12:54 of 3rd period - Frank Nazar wins face-off versus Tristan Broz in Rhode Island Whales zone.
13:01 of 3rd period - Off-side.
13:02 of 3rd period - Jiri Kulich wins face-off versus Tristan Broz in neutral zone.
13:36 of 3rd period - Emil Andrae is hit by Ivan Miroshnichenko and loses puck.
13:45 of 3rd period - Wrist shot by Boris Katchouk.
13:45 of 3rd period - Shot Misses the Net.
13:47 of 3rd period - Wrist shot by Shakir Mukhamadullin.
13:47 of 3rd period - Deflect By Tristan Broz.
13:47 of 3rd period - Stopped by Cameron Whitehead with a rebound.
13:49 of 3rd period - Slapshot by Ivan Miroshnichenko.
13:49 of 3rd period - Shot Misses the Net.
13:51 of 3rd period - Snap shot by Tristan Broz.
13:51 of 3rd period - Shot Blocked by Emil Andrae.
13:53 of 3rd period - Wrist shot by Shakir Mukhamadullin.
13:53 of 3rd period - Goal by Shakir Mukhamadullin - Atlantic City Gamblers : 5 - Rhode Island Whales : 6.
13:54 of 3rd period - Frank Nazar wins face-off versus Thomas Bordeleau in neutral zone.
14:58 of 3rd period - Slapshot by Isak Rosen.
14:58 of 3rd period - Stopped by Jan Bednar with a rebound.
15:00 of 3rd period - Wrist shot by Cam Lund.
15:00 of 3rd period - Shot Blocked by Shakir Mukhamadullin.
15:02 of 3rd period - Slapshot by Pavel Mintyukov.
15:02 of 3rd period - Shot Misses the Net.
15:04 of 3rd period - Slapshot by Artyom Levshunov.
15:04 of 3rd period - Shot Blocked by Ronnie Attard.
15:06 of 3rd period - Slapshot by Pavel Mintyukov.
15:06 of 3rd period - Deflect By Isak Rosen.
15:06 of 3rd period - Shot Misses the Net.
15:06 of 3rd period - Puck is out of play.
15:07 of 3rd period - Caedan Bankier wins face-off versus Frank Nazar in Atlantic City Gamblers zone.
15:07 of 3rd period - Caedan Bankier is hit by Frank Nazar.
15:45 of 3rd period - Ryan O'Rourke is hit by Shakir Mukhamadullin and loses puck.
16:05 of 3rd period - Slapshot by Boris Katchouk.
16:05 of 3rd period - Stopped by Cameron Whitehead without a rebound.
16:06 of 3rd period - Ryder Rolston wins face-off versus Caedan Bankier in Rhode Island Whales zone.
16:24 of 3rd period - Oskar Olausson is hit by Alexander Holtz and loses puck.
16:43 of 3rd period - Slapshot by Lukas Reichel.
16:43 of 3rd period - Stopped by Jan Bednar without a rebound.
16:44 of 3rd period - Thomas Bordeleau wins face-off versus Cam Lund in Atlantic City Gamblers zone.
16:44 of 3rd period - Thomas Bordeleau is hit by Lukas Reichel.
16:52 of 3rd period - Wrist shot by Hendrix Lapierre.
16:52 of 3rd period - Deflect By Nils Hoglander.
16:52 of 3rd period - Shot Misses the Net.
16:52 of 3rd period - Puck is out of play.
16:53 of 3rd period - Thomas Bordeleau wins face-off versus Cam Lund in Rhode Island Whales zone.
16:58 of 3rd period - Snap shot by Hendrix Lapierre.
16:58 of 3rd period - Shot Blocked by Lukas Reichel.
17:16 of 3rd period - Snap shot by Cam Lund.
17:16 of 3rd period - Goal by Cam Lund - Atlantic City Gamblers : 5 - Rhode Island Whales : 7.
17:17 of 3rd period - Caedan Bankier wins face-off versus Frank Nazar in neutral zone.
17:22 of 3rd period - Slapshot by Alexander Holtz.
17:22 of 3rd period - Deflect By Ryder Rolston.
17:22 of 3rd period - Stopped by Cameron Whitehead with a rebound.
17:42 of 3rd period - Mason Lohrei is hit by Cam Lund and loses puck.
17:47 of 3rd period - Snap shot by Isak Rosen.
17:47 of 3rd period - Shot Misses the Net.
17:49 of 3rd period - Slapshot by Emil Andrae.
17:49 of 3rd period - Shot Misses the Net.
17:51 of 3rd period - Wrist shot by Cam Lund.
17:51 of 3rd period - Deflect By Isak Rosen.
17:51 of 3rd period - Goal by Isak Rosen - Atlantic City Gamblers : 5 - Rhode Island Whales : 8.
17:52 of 3rd period - Frank Nazar wins face-off versus Thomas Bordeleau in neutral zone.
18:42 of 3rd period - Artyom Levshunov is hit by Shakir Mukhamadullin and loses puck.
19:42 of 3rd period - Wrist shot by Ben King.
19:42 of 3rd period - Stopped by Cameron Whitehead with a rebound.
Goals for this period are 2 for Atlantic City Gamblers vs 2 for Rhode Island Whales.
Shots for this period are 16 for Atlantic City Gamblers vs 10 for Rhode Island Whales.